 Dungeon Crawl Stone Soup version 0.23.2 (webtiles) character file.

Game seed: 15255006317706602153

630 eccles the Firebug (level 7, -1/51 HPs)
             Began as a Green Draconian Fire Elementalist on Apr 12, 2019.
             Shot with an arrow by a centaur (10 damage)
             ... on level 5 of the Dungeon.
             The game lasted 00:41:12 (4594 turns).

eccles the Firebug (DrFE)                           Turns: 4594, Time: 00:41:13

Health: -1/51      AC:  8    Str: 10    XL:     7   Next: 24%
Magic:  9/13       EV: 12    Int: 18    God:
Gold:   226        SH:  0    Dex: 14    Spells: 8/14 levels left

rFire    . . .     SeeInvis +   g - +3 dagger (freeze)
rCold    . . .     Gourm    .   (no shield)
rNeg     . . .     Faith    .   (armour unavailable)
rPois    +         Spirit   .   (helmet restricted)
rElec    .         Reflect  .   t - +1 cloak
rCorr    .         Harm     .   (no gloves)
MR       .....                  (no boots)
Stlth    ++........             (no amulet)
HPRegen  0.17/turn              a - ring of see invisible
MPRegen  0.13/turn              A - +3 ring of dexterity

@: no status effects
A: breathe noxious fumes, unfitting armour, poison resistance, cold-blooded, AC
+6
a: Breathe Noxious Fumes


You were on level 5 of the Dungeon.
You were not hungry.

You visited 1 branch of the dungeon, and saw 5 of its levels.
You also visited: Sewer.

You collected 226 gold pieces.

Inventory:

Hand Weapons
 g - a +3 dagger of freezing (weapon)
 s - a +4 quarterstaff of chaos
 u - a +0 mace
Missiles
 x - 4 javelins (quivered)
Armour
 t - a +1 cloak (worn)
Jewellery
 a - a ring of see invisible (left hand)
 l - an uncursed ring of poison resistance
 A - a +3 ring of dexterity (right hand)
Wands
 k - a wand of acid (9)
 r - a wand of flame (19)
Scrolls
 d - a scroll of random uselessness
 n - a scroll of fog
 p - a scroll of teleportation
 q - 4 scrolls of remove curse
 B - a scroll of blinking {unknown}
Potions
 e - a potion of brilliance {unknown}
 f - 4 potions of curing {unknown}
 h - a potion of magic {unknown}
 i - a potion of berserk rage
 j - a potion of ambrosia {unknown}
 o - 3 potions of heal wounds {unknown}
 v - a potion of might {unknown}
 w - 6 potions of flight {unknown}
 z - a potion of lignification {unknown}
Comestibles
 b - 3 rations


   Skills:
 + Level 0.5 Fighting
 + Level 2.2 Short Blades
 + Level 2.0 Dodging
 + Level 2.1 Stealth
 * Level 4.1 Spellcasting
 * Level 3.3 Conjurations
 * Level 5.7 Fire Magic


You had 8 spell levels left.
You knew the following spells:

 Your Spells              Type           Power        Failure   Level  Hunger
a - Flame Tongue          Conj/Fire      ###..        2%          1    None
b - Throw Flame           Conj/Fire      ###...       3%          2    ##.....
c - Conjure Flame         Conj/Fire      ###.....     7%          3    ###....

Your spell library contained the following spells:

 Spells                   Type           Power        Failure   Level  Hunger
 Inner Flame              Hex/Fire       ##......     14%         3    ###....
 Sticky Flame             Conj/Fire      ###.....     22%         4    ####...
 Fireball                 Conj/Fire      ###.......   54%         5    ######.


Dungeon Overview and Level Annotations

Branches:
Dungeon (5/15)
 Temple: D:4-7

Altars:
Dithmenos
Hepliaklqana
Sif Muna
Xom
Yredelemnul

Shops:
D:4 }

Annotations:
D:5 Menkaure, Pikel


Innate Abilities, Weirdness & Mutations

You can breathe blasts of noxious fumes.
Your lurid green scales are hard. (AC +6)
You cannot fit into any form of body armour.
Your system is resistant to poisons. (rPois)
You are cold-blooded and may be slowed by cold attacks.


Message History

Confirm with . or Enter, or press ? or * to list all spells.
Aiming: Flame Tongue (safe; 2% risk of failure)
Press: ? - help, Shift-Dir - straight line, f/p - hound
Aim: a hound (almost dead)
The flame tongue hits the hound!
You kill the hound!
The centaur shoots an arrow.
The arrow hits you.
Casting: Flame Tongue (safe; 2% risk of failure)
Confirm with . or Enter, or press ? or * to list all spells.
Aiming: Flame Tongue (safe; 2% risk of failure)
Press: ? - help, Shift-Dir - straight line, f - centaur
Aim: a centaur, wielding a +0 shortbow The flame tongue hits the centaur!
The centaur is moderately wounded.
The centaur shoots an arrow.
The arrow hits you.
* * * LOW HITPOINT WARNING * * *
The centaur shoots an arrow.
The arrow hits you!
* * * LOW HITPOINT WARNING * * *
The centaur shoots an arrow.
The arrow hits you!
You die...

#...........#
#...
#.###.#####.#
#.## #.# #.#
#.# #.# #.#
#.# #.# #)#
#.# #.#
#.###.# #.#
#.. #.....#
#.# ###
#.##### #.#
#.# #@# .#.#
#
#.#######.#..
#.(.......≈.≈
###........≈.
#c#.........
#...≈......
##..≈≈......
#..(((......
#...........


You could see a centaur.

Vanquished Creatures
  A slave (D:4)
  A big kobold (Sewer)
  A crimson imp (D:5)
  Crazy Yiuf (D:2)
  A hound (D:5)
  An orc priest (D:3)
  2 orc wizards (D:4)
  Terence (D:2)
  A worker ant (D:4)
  A hound zombie (D:5)
  8 adders
  7 gnolls
  4 river rats
  3 oozes
  6 worms
  A dart slug (D:1)
  4 leopard geckos
  13 orcs
  2 ball pythons (D:1)
  5 bats
  5 giant cockroaches
  7 goblins
  4 hobgoblins
  2 jackals (Sewer)
  2 quokkas
  5 frilled lizards
  11 kobolds
  A quokka zombie (D:5)
  12 rats
113 creatures vanquished.

Notes
Turn   | Place    | Note
-------+----------+-------------------------------------------
     0 | D:1      | eccles the Draconian Fire Elementalist began the quest for
                  | the Orb.
     0 | D:1      | Reached XP level 1. HP: 14/14 MP: 3/3
   237 | D:1      | Reached XP level 2. HP: 20/20 MP: 0/5
   629 | D:1      | Learned a level 2 spell: Throw Flame
   745 | D:2      | Reached XP level 3. HP: 26/26 MP: 4/6
   949 | D:2      | Reached skill level 4 in Fire Magic
  1095 | D:2      | Found a runed translucent door.
  1096 | D:2      | Noticed Crazy Yiuf
  1495 | D:2      | Reached XP level 4. HP: 14/33 MP: 0/7
  1959 | D:2      | Noticed Terence
  1971 | D:2      | Killed Terence
  2072 | D:2      | Learned a level 3 spell: Conjure Flame
  2078 | D:2      | Killed Crazy Yiuf
  2078 | D:2      | Reached XP level 5. HP: 38/38 MP: 0/9
  2477 | D:3      | Found a shadowy altar of Dithmenos.
  2683 | D:3      | Reached skill level 5 in Fire Magic
  2792 | D:3      | Reached XP level 6. HP: 41/45 MP: 10/10
  2898 | D:3      | Found a glowing drain.
  2902 | Sewer    | Entered a sewer
  2912 | Sewer    | Reached skill level 1 in Short Blades
  3101 | Sewer    | Found a white marble altar of Elyvilon.
  3432 | D:4      | Found a hazy altar of Hepliaklqana.
  3769 | D:4      | Your scales start taking on a lurid green colour.
  3769 | D:4      | Reached XP level 7. HP: 24/51 MP: 3/13
  3769 | D:4      | Gained mutation: Your system is resistant to poisons.
                  | (rPois) [Green Draconian growth]
  4130 | D:4      | Found Xufet's Gadget Shoppe.
  4314 | D:5      | Entered Level 5 of the Dungeon
  4314 | D:5      | Found a shimmering altar of Xom.
  4314 | D:5      | Found a deep blue altar of Sif Muna.
  4314 | D:5      | Found a basalt altar of Yredelemnul.
  4316 | D:5      | Found a basalt altar of Yredelemnul.
  4316 | D:5      | Noticed Menkaure
  4333 | D:5      | Noticed Pikel
  4594 | D:5      | Shot with an arrow by a centaur

Skill      XL: |  1  2  3  4  5  6  7 |
---------------+----------------------+-----
Fire Magic     | 4 5 |  5.7
Dodging        | 2 |  2.0
Spellcasting   | 3 4 |  4.1
Conjurations   | 2 3 |  3.3
Short Blades   | 2 |  2.2
Stealth        | 2 |  2.1
Fighting       | |  0.5

Action                   |  1- 3 |  4- 6 |  7- 9 || total
-------------------------+-------+-------+-------++-------
Melee: Unarmed           |     7 |       |       ||     7
       Dagger            |    19 |    68 |    21 ||   108
       Tailslap          |     1 |     8 |     1 ||    10
 Cast: Flame Tongue      |    87 |    95 |    19 ||   201
       Throw Flame       |     2 |    16 |     4 ||    22
       Conjure Flame     |       |     1 |       ||     1
 Abil: Breathe Noxious F |       |       |     3 ||     3
  Use: Scroll            |       |     7 |     3 ||    10
       Potion            |       |     1 |       ||     1
  Eat: Chunk             |     2 |     9 |     1 ||    12
       Ration            |       |       |     1 ||     1
Armor: Skin              |    19 |    18 |     5 ||    42
Dodge: Dodged            |    48 |    67 |    13 ||   128
